 Dungeon Crawl Stone Soup version 0.17-b1-15-g0f5fb43 (webtiles) character file.

60536 septik the Warrior (level 14, -6/135 HPs)
             Began as a Minotaur Berserker on Nov 4, 2015.
             Was the Champion of Trog.
             Mangled by a sixfirhy (9 damage)
             ... summoned by an orc sorcerer
             ... on level 4 of the Orcish Mines.
             The game lasted 01:04:29 (19648 turns).

septik the Warrior (Minotaur Berserker)            Turns: 19648, Time: 01:04:29

Health: -6/135     AC: 24    Str: 31    XL:     14   Next: 57%
Magic:  16/16      EV: 12    Int:  4    God:    Trog [******]
Gold:   1977       SH:  0    Dex: 10    Spells: 0 memorised, 13 levels left

rFire  . . .     SeeInvis .     m - +4 demon whip (venom)
rCold  . . .     Clarity  +     L - +0 plate armour
rNeg   . . .     SustAt   .     (no shield)
rPois  .         Gourm    .     e - +0 hat
rElec  .         Spirit   .     (no cloak)
rCorr  .         Warding  .     J - +0 pair of gloves
rMut   +         Stasis   .     P - +1 pair of boots
MR     ++++.                    S - amulet of resist mutation
Stlth  ..........               B - +5 ring of protection
                                u - +4 ring of strength

@: exhausted, regenerating, slowed, very slow, incredibly resistant to hostile
enchantments, extremely unstealthy
A: retaliatory headbutt, horns 2, clarity, magic resistance 1
a: Berserk, Trog's Hand, Brothers in Arms, Burn Spellbooks, Renounce Religion


You were on level 4 of the Orcish Mines.
You worshipped Trog.
Trog was exalted by your worship.
You were very hungry.

You visited 4 branches of the dungeon, and saw 23 of its levels.

You collected 1977 gold pieces.

Inventory:

Hand Weapons
 m - a +4 demon whip of venom (weapon)
 v - a +1 hunting sling of flaming
 A - the +8 lajatang of the Living Dead {freeze, Str-3 Int+4}
   (Trog gifted it to you on level 4 of the Lair of Beasts)

   It has been specially enchanted to freeze those struck by it, causing extra
   injury to most foes and up to half again as much damage against particularly
   susceptible opponents.
   It can also slow down cold-blooded creatures.
   It affects your strength (-3).
   It affects your intelligence (+4).
 E - a +2 morningstar of protection
 M - a +1 hand crossbow of flaming
 V - a +2 great mace of draining
Missiles
 g - 39 tomahawks (quivered)
 p - a throwing net
 O - 30 poisoned sling bullets
Armour
 e - a +0 hat (worn)
 D - a +0 chain mail of positive energy
 I - a +0 chain mail of magic resistance
 J - a +0 pair of gloves (worn)
 L - a +0 plate armour (worn)
 P - a +1 pair of boots (worn)
Jewellery
 f - an uncursed amulet of faith {unknown}
 u - a +4 ring of strength (left hand)
 z - an uncursed amulet of warding {unknown}
 B - a +5 ring of protection (right hand)
 G - an uncursed ring of ice
 S - an amulet of resist mutation (around neck)
Wands
 b - a wand of disintegration (11)
 l - a wand of fire (5)
Scrolls
 i - a scroll of fog
 k - 3 scrolls of remove curse
 q - 5 scrolls of magic mapping
 s - 2 scrolls of identify
 y - a scroll of summoning {unknown}
 K - 2 scrolls of teleportation
 T - a scroll of torment {unknown}
 X - a scroll of silence {unknown}
 Y - a scroll of recharging {unknown}
Potions
 d - 2 potions of lignification
 h - 2 potions of invisibility
 j - 4 potions of curing
 n - 6 potions of agility
 r - a potion of brilliance
 t - 6 potions of flight
 x - a potion of might
 C - a potion of haste
 F - 3 potions of cancellation
 H - 4 potions of heal wounds
Comestibles
 a - 13 chunks of flesh
 c - 5 bread rations
 o - 8 slices of pizza
 w - a meat ration
 Q - 7 fruits


   Skills:
 + Level 15.1 Fighting
 - Level 15.0(16.1) Maces & Flails
 - Level 10.7(14.1) Staves
 + Level 12.5 Armour
 + Level 11.7 Dodging
   Level 5.8 Shields
 - Level 4.7 Evocations


You had 13 spell levels left.
You didn't know any spells.

Dungeon Overview and Level Annotations

Branches:
Dungeon (10/15)            Temple (1/1) D:7            Lair (8/8) D:8
  Swamp (0/4) Lair:3        Snake (0/4) Lair:4        Slime (0/6) Lair:7
    Orc (4/4) D:10            Elf (0/3) Orc:3

Altars:
Ashenzari
Cheibriados
Dithmenos
Elyvilon
Fedhas
Gozag
Kikubaaqudgha
Makhleb
Nemelex Xobeh
Okawaru
Qazlal
Ru
Sif Muna
Trog
Vehumet
Xom
Yredelemnul
Zin
The Shining One
Jiyva

Shops:
Orc:4 !

Annotations:
D:5 1 runed door
Orc:4 1 runed door


Innate Abilities, Weirdness & Mutations

You reflexively headbutt those who attack you in melee.
You have a pair of horns on your head.
You possess an exceptional clarity of mind.
You are resistant to hostile enchantments.


Message History

Your iron troll claws the orc warrior.
The orc warrior hits your iron troll but does no damage.
The orc high priest calls down the wrath of Beogh upon you.
Something smites you!
* * * LOW HITPOINT WARNING * * *
The orc sorcerer casts a spell.
An orc wizard comes into view. It is wielding a dagger.
The orc wizard shouts!
Your iron troll bites the orc warrior.
Your iron troll claws the orc warrior!
Your iron troll barely misses the orc warrior.
The orc warrior hits your iron troll with a hand axe of freezing!!
The orc warrior freezes your iron troll.
The orc wizard gestures wildly while chanting.
The orc wizard seems to speed up.
Your iron troll bites the orc warrior!
The orc warrior dies!
Trog accepts your kill. The sixfirhy hits you.
* * * LOW HITPOINT WARNING * * *
The sixfirhy shocks you!
You die...

........................
........................
........................
........................
........................
........................
........................
#######.###########.....
######@###### #.....
#.o..4...T)o### #.....
...####.####o..## #.....
#.######.5###.....
#.#...###..##.....
#.#.....##)##.....
#.#oo.o..#)##..... ...
#.o.)##..... 5o
##o.###.....


You could see an orc high priest, a sixfirhy, 2 orc sorcerers and a friendly
iron troll (berserk).

Vanquished Creatures
  Rupert (Lair:6)
  Snorg (Orc:1)
  Fannar (Orc:1)
  2 hydras
  Erica (D:8)
  The ghost of HaroldButt the Grappler, a novice MiMo of Makhleb (Lair:2)
  13 death yaks
  An orc high priest (Orc:4)
  A hill giant (D:10)
  An unseen horror (D:10)
  2 griffons
  The ghost of concernedbohemian the Covered, a novice HuFi of Dithmenos (D:6)
  6 orc knights
  2 orc sorcerers (Orc:4)
  15 elephants
  Joseph (D:9)
  4 black mambas
  2 molten gargoyles (Lair:3)
  15 spiny frogs
  7 komodo dragons
  3 fire drakes (Lair:4)
  4 blink frogs (Lair:2)
  Grinder (D:3)
  A slime creature (Lair:7)
  A troll (Orc:1)
  2 giant leeches (Lair:3)
  A redback (Orc:2)
  A hungry ghost (D:7)
  A deep elf fighter (D:9)
  A deep elf mage (D:9)
  34 yaks
  6 hippogriffs
  2 tarantellas (Orc:2)
  3 basilisks
  7 nagas (Lair:4)
  4 wargs
  12 water moccasins
  Edmund (D:4)
  16 wolves
  13 porcupines
  A black bear (D:9)
  A spider (Orc:2)
  9 ogres
  24 orc warriors
  A wasp (D:9)
  4 centaurs
  2 ice beasts
  17 crocodiles
  17 giant frogs
  6 scorpions
  5 wights
  6 killer bees (D:8)
  5 lava snakes (Lair:3)
  A crimson imp (D:10)
  A wasp zombie (D:6)
  4 hounds
  A quasit (D:10)
  22 orc priests
  3 jellies
  19 orc wizards
  A giant frog skeleton (D:9)
  Jessica (D:2)
  Terence (D:3)
  Natasha (thrice) (D:2)
  5 iguanas
  6 sheep
  8 worker ants
  3 killer bee zombies
  A hound skeleton (D:4)
  2 hound zombies
  8 gnolls
  42 river rats
  17 adders
  2 shadow imps
  3 oozes
  6 adder skeletons
  4 adder zombies
  3 worms
  4 giant geckos
  198 orcs
  2 ball pythons
  13 bats
  6 giant cockroaches
  6 goblins
  6 hobgoblins
  17 jackals
  3 kobolds
  A giant gecko skeleton (D:6)
  2 giant newts
  7 quokkas
  A quokka skeleton (D:5)
  A quokka zombie (D:6)
  16 rats
  A fungus (Lair:5)
741 creatures vanquished.

Vanquished Creatures (collateral kills)
  4 death yaks (Lair:7)
  An orc warrior (Orc:4)
5 creatures vanquished.

Vanquished Creatures (others)
  15 fungi
  2 plants
17 creatures vanquished.

Grand Total: 763 creatures vanquished

Notes
Turn   | Place    | Note
--------------------------------------------------------------
     0 | D:1      | septik the Minotaur Berserker began the quest for the Orb.
     0 | D:1      | Reached XP level 1. HP: 19/19 MP: 0/0
   163 | D:1      | Reached skill level 4 in Fighting
   339 | D:1      | Reached XP level 2. HP: 27/27 MP: 1/1
   917 | D:1      | Reached ** piety under Trog
  1090 | D:2      | Reached XP level 3. HP: 33/33 MP: 2/2
  1144 | D:2      | Noticed Natasha
  1151 | D:2      | Killed Natasha
  1151 | D:2      | Reached skill level 5 in Maces & Flails
  1226 | D:2      | Found an iron altar of Okawaru.
  1226 | D:2      | Found an opulent altar of Gozag.
  1260 | D:2      | Reached XP level 4. HP: 40/40 MP: 3/3
  1262 | D:2      | Noticed Jessica
  1264 | D:2      | Reached skill level 6 in Maces & Flails
  1274 | D:2      | Killed Jessica
  1437 | D:2      | Reached XP level 5. HP: 44/46 MP: 4/4
  1529 | D:2      | Noticed Natasha
  1533 | D:2      | Killed Natasha
  1543 | D:2      | Noticed Natasha
  1545 | D:2      | Killed Natasha
  1733 | D:3      | Reached *** piety under Trog
  1809 | D:3      | Noticed Grinder
  1817 | D:3      | Killed Grinder
  1817 | D:3      | Reached skill level 8 in Maces & Flails
  1817 | D:3      | Reached XP level 6. HP: 52/52 MP: 5/5
  2011 | D:3      | Noticed Terence
  2026 | D:3      | Killed Terence
  2222 | D:3      | Reached skill level 9 in Maces & Flails
  2830 | D:4      | Noticed Edmund
  2834 | D:4      | Killed Edmund
  2834 | D:4      | Reached XP level 7. HP: 59/59 MP: 6/6
  2901 | D:4      | Reached skill level 10 in Maces & Flails
  2925 | D:4      | Found a burning altar of Makhleb.
  2925 | D:4      | Found a glowing silver altar of Zin.
  2926 | D:4      | Found a shattered altar of Ashenzari.
  2946 | D:4      | Found a shimmering altar of Xom.
  3413 | D:5      | Entered Level 5 of the Dungeon
  3472 | D:5      | Reached **** piety under Trog
  3512 | D:5      | Found a glowing golden altar of the Shining One.
  3512 | D:5      | Noticed an angel
  3513 | D:5      | Found a runed door.
  4260 | D:6      | Reached skill level 11 in Maces & Flails
  4394 | D:6      | Noticed concernedbohemian's ghost (novice HuFi)
  4434 | D:6      | Reached XP level 8. HP: 56/66 MP: 7/7
  4593 | D:6      | Killed concernedbohemian's ghost
  4593 | D:6      | Reached skill level 12 in Maces & Flails
  4722 | D:7      | Reached skill level 1 in Shields
  4861 | D:7      | Found a staircase to the Ecumenical Temple.
  4872 | D:7      | Reached skill level 5 in Fighting
  4964 | D:7      | Found a blossoming altar of Fedhas.
  5009 | D:7      | Got an ichor-stained falchion
  5010 | D:7      | Identified the cursed +2 falchion "Ufeo" {flame, Str+4} (You found it on level 7 of the Dungeon)
  5057 | D:7      | Reached ***** piety under Trog
  5057 | D:7      | Reached XP level 9. HP: 73/75 MP: 8/8
  5206 | Temple   | Entered the Ecumenical Temple
  5384 | D:7      | Reached skill level 5 in Shields
  5854 | D:7      | Received a gift from Trog
  6210 | D:8      | Found a staircase to the Lair.
  6251 | D:8      | Reached XP level 10. HP: 81/91 MP: 9/9
  6296 | D:8      | Reached skill level 5 in Armour
  6345 | D:8      | Got a crude leather armour
  6356 | D:8      | Identified the +1 leather armour of the Shoals {rF+} (You found it on level 8 of the Dungeon)
  6381 | D:8      | Noticed Erica
  6389 | D:8      | Killed Erica
  6389 | D:8      | Reached skill level 10 in Fighting
  6455 | D:8      | Reached skill level 5 in Dodging
  6891 | Lair:1   | Entered Level 1 of the Lair of Beasts
  7625 | Lair:1   | Reached XP level 11. HP: 93/103 MP: 10/10
  7855 | Lair:2   | Noticed HaroldButt's ghost (novice MiMo)
  7874 | Lair:2   | Killed HaroldButt's ghost
  8061 | Lair:2   | Received a gift from Trog
  8197 | Lair:2   | Reached skill level 13 in Maces & Flails
  8775 | Lair:3   | Found a staircase to the Swamp.
  8783 | Lair:3   | Reached skill level 14 in Maces & Flails
  9233 | Lair:3   | Reached skill level 15 in Maces & Flails
  9233 | Lair:3   | Reached XP level 12. HP: 94/113 MP: 9/11
  9774 | Lair:4   | Found a staircase to the Snake Pit.
  9802 | Lair:4   | Received a gift from Trog
  9819 | Lair:4   | Got a dazzling lajatang {god gift}
  9820 | Lair:4   | Identified the +8 lajatang of the Living Dead {freeze, Str-3 Int+4} (Trog gifted it to you on level 4 of the Lair of Beasts)
  9887 | Lair:4   | Reached skill level 1 in Staves
 10607 | Lair:4   | Noticed an eight-headed hydra
 10616 | Lair:4   | Killed an eight-headed hydra
 10666 | Lair:4   | Reached skill level 5 in Staves
 10804 | Lair:4   | Reached skill level 10 in Armour
 11256 | Lair:5   | Reached XP level 13. HP: 122/122 MP: 12/12
 11635 | Lair:5   | Reached skill level 10 in Dodging
 11901 | Lair:5   | Received a gift from Trog
 11969 | Lair:5   | Reached skill level 10 in Staves
 12151 | Lair:6   | Reached skill level 1 in Evocations
 12582 | Lair:6   | Noticed Rupert
 12600 | Lair:6   | Killed Rupert
 13354 | Lair:7   | Found a staircase to the Slime Pits.
 13355 | Lair:7   | Found a viscous altar of Jiyva.
 13395 | Lair:7   | Got a creamy pearl robe
 13406 | Lair:7   | Identified the +2 robe "Tesa" {+Fly rElec rF+} (You found it on level 7 of the Lair of Beasts)
 13491 | Lair:7   | Gained mutation: You possess an exceptional clarity of mind. [potion of beneficial mutation]
 13492 | Lair:7   | Gained mutation: You are resistant to hostile enchantments. [potion of beneficial mutation]
 13540 | Lair:7   | Received a gift from Trog
 13885 | Lair:8   | Entered Level 8 of the Lair of Beasts
 13892 | Lair:7   | Reached ****** piety under Trog
 13892 | Lair:7   | Received a gift from Trog
 13914 | Lair:7   | Reached XP level 14. HP: 34/132 MP: 16/16
 14760 | D:9      | Noticed Joseph
 14768 | D:9      | Killed Joseph
 15373 | D:10     | Entered Level 10 of the Dungeon
 15747 | D:10     | Found a staircase to the Orcish Mines.
 16289 | Orc:1    | Entered Level 1 of the Orcish Mines
 16591 | Orc:2    | Received a gift from Trog
 17298 | Orc:2    | Found a bloodstained altar of Trog.
 17401 | Orc:2    | Received a gift from Trog
 17596 | Orc:1    | Found a burning altar of Makhleb.
 17598 | Orc:1    | Noticed Fannar
 17629 | Orc:1    | Killed Fannar
 17942 | Orc:1    | Noticed Snorg
 17958 | Orc:1    | Killed Snorg
 18192 | Orc:3    | Found a staircase to the Elven Halls.
 18574 | Orc:3    | Received a gift from Trog
 19182 | Orc:4    | Entered Level 4 of the Orcish Mines
 19282 | Orc:4    | Found a runed door.
 19388 | Orc:4    | Found a bloodstained altar of Trog.
 19581 | Orc:4    | Found Usai's Distillery.
 19593 | Orc:4    | Reached skill level 15 in Fighting
 19646 | Orc:4    | HP: 4/135 [orc high priest/divine providence (12)]
 19648 | Orc:4    | Mangled by a sixfirhy

Action                   |  1- 3 |  4- 6 |  7- 9 | 10-12 | 13-15 || total
-------------------------+-------+-------+-------+-------+-------++-------
Melee: Mace              |    48 |   102 |   175 |       |       ||   325
       Flail             |       |       |    74 |       |       ||    74
       Dire flail        |       |       |    68 |   517 |   101 ||   686
       Lajatang          |       |       |       |    26 |       ||    26
       Great mace        |       |       |       |       |   352 ||   352
       Demon whip        |       |       |       |       |   399 ||   399
Throw: Tomahawk          |     5 |       |     7 |       |       ||    12
Invok: Berserk           |     2 |     2 |     2 |     1 |     7 ||    14
       Trog's Hand       |       |       |       |     1 |     2 ||     3
       Burn Spellbooks   |       |       |       |       |     3 ||     3
       Brothers in Arms  |       |       |       |       |     3 ||     3
Evoke: Wand              |       |       |       |     7 |     1 ||     8
  Use: Scroll            |       |       |    10 |    10 |     8 ||    28
       Potion            |       |       |       |     1 |     3 ||     4
 Stab: Sleeping          |     1 |       |       |       |       ||     1
  Eat: Chunk             |     2 |     7 |    14 |    14 |    27 ||    64
       Bread ration      |       |       |       |     1 |     1 ||     2
       Pizza             |       |       |       |       |     1 ||     1
